 Dungeon Crawl Stone Soup version 0.30-b1-2-g02819fbbbe (webtiles) character file.

Game seed: 3506098874977348004

51 Arcadio the Shooter (level 4, -1/35 HPs)
             Began as a Formicid Hunter on Aug 13, 2023.
             Slain by Crazy Yiuf
             ... wielding a +2 quarterstaff of chaos
              (15 damage)
             ... on level 2 of the Dungeon.
             The game lasted 00:03:44 (1622 turns).

Arcadio the Shooter (Formicid Hunter)               Turns: 1622, Time: 00:03:44

Health: -1/35      AC:  5    Str: 16    XL:     4   Next: 5%
Magic:  4/4        EV: 12    Int:  8    God:
Gold:   67         SH:  0    Dex: 19    Spells: 3/3 levels left

rFire   . . .        b - +0 short sword
rCold   . . .        (no shield)
rNeg    . . .        c - +0 leather armour
rPois   .            (helmet unavailable)
rElec   .            r - scarf {shadows}
rCorr   .            p - +1 pair of gloves
SInv    +            (no boots)
Will    .....        (no amulet)
Stlth   +            q - ring of flight
HPRegen 0.25/turn    (no ring)
MPRegen 0.09/turn

%: no passive effects
@: confused, flying
A: permanent stasis, dig shafts and tunnels, antennae 3, four strong arms
a: Dig, Shaft Self


You were on level 2 of the Dungeon.
You visited 1 branch of the dungeon, and saw 2 of its levels.

You collected 67 gold pieces.

Inventory:

Hand Weapons
 a - a +0 shortbow
 b - a +0 short sword (weapon)
Armour
 c - a +0 leather armour (worn)
 i - a +0 ring mail
 o - a +0 pair of gloves
 p - a +1 pair of gloves (worn)
 r - a scarf of shadows (worn)
Jewellery
 q - a ring of flight (left hand)
Scrolls
 d - a scroll of poison {unknown}
 e - a scroll of immolation
 f - 7 scrolls of identify {unknown}
 g - a scroll of enchant weapon {unknown}
 h - a scroll of fog {unknown}
 n - a scroll of amnesia {unknown}
Potions
 j - a potion of berserk rage {unknown}
 k - a potion of flight {unknown}
 l - a potion of attraction {unknown}
 m - a potion of curing {unknown}


   Skills:
 + Level 3.1 Fighting
 + Level 4.5 Ranged Weapons
 + Level 1.8 Armour
 - Level 1.7 Dodging
 - Level 1.2 Stealth


You had 3 spell levels left.
You didn't know any spells.
Your spell library was empty.

Dungeon Overview and Level Annotations

Branches:
Dungeon (2/15) Zot: 10355

Altars:
Zin

Annotations:
D:2 Crazy Yiuf


Innate Abilities, Weirdness & Mutations

You cannot be hasted, slowed, berserked, paralysed or teleported.
You can dig through walls and to a lower floor.
You have a pair of large antennae on your head. (SInv)
Your four strong arms can wield two-handed weapons with a shield.


Message History

Press: ? - help, Q - select action, (/) - cycle Shift-Dir - straight line, f/p - frilled lizard
Aim: a frilled lizard (48% to hit)
You shoot an arrow.
The arrow barely misses the frilled lizard.
The frilled lizard barely misses you.
Fire: a) +0 shortbow
Press: ? - help, Q - select action, (/) - cycle Shift-Dir - straight line, f/p - frilled lizard
Aim: a frilled lizard (48% to hit)
You shoot an arrow. The arrow hits the frilled lizard.
You kill the frilled lizard!
You see here a hobgoblin corpse.
A hobgoblin comes into view.
Fire: a) +0 shortbow
Press: ? - help, Q - select action, (/) - cycle Shift-Dir - straight line, f - hobgoblin
Aim: a hobgoblin (asleep, 98% to hit)
You shoot an arrow. The arrow hits the hobgoblin!
You kill the hobgoblin!
Crazy Yiuf shouts!
Could not explore, unopened runed door.
As you open the door, it creaks loudly!
Fire: a) +0 shortbow
Press: ? - help, Q - select action, (/) - cycle Shift-Dir - straight line, f - Crazy Yiuf
Aim: Crazy Yiuf, wielding a +2 quarterstaff of chaos, wearing a +0 cloak and carrying a wand of flame (19) (68% to hit)
You shoot an arrow. The arrow hits Crazy Yiuf.
Crazy Yiuf is lightly wounded.
b - a +0 short sword (weapon)
You hit Crazy Yiuf.
Crazy Yiuf is heavily wounded.
Crazy Yiuf drinks a potion.
Crazy Yiuf seems to speed up.
You closely miss Crazy Yiuf.
Crazy Yiuf is heavily wounded.
Crazy Yiuf hits you with a +2 quarterstaff of chaos.
Crazy Yiuf burns you.
Crazy Yiuf zaps a wand.
The puff of flame hits you.
You hit Crazy Yiuf. Your punch misses Crazy Yiuf.
Crazy Yiuf is severely wounded.
Crazy Yiuf hits you with a +2 quarterstaff of chaos!
You are confused.
You're too confused to move!
Crazy Yiuf hits you with a +2 quarterstaff of chaos!
You die...

#.........###.####.##.........#
......###.....#....##.........#
#...#.........#...............#
#...######################..#####
######### ##.##... .##
#...##♣♣♣♣♣ #.##... ..#
#...+...♣.♣♣♣ ### #.##...
..###........♣..♣#...# ####......
>...........♣♣♣♣@g...# #.........
.####...+..♣♣ ♣♣#..)# #######...
## #...##♣♣ ### #... # #...# #...
##### #... ####


You could see Crazy Yiuf (fast).

Vanquished Creatures
  2 worms (D:2)
  3 dart slugs
  2 endoplasms (D:2)
  2 giant cockroaches (D:2)
  3 goblins (D:1)
  5 hobgoblins
  4 jackals (D:1)
  2 quokkas (D:1)
  4 ball pythons
  3 frilled lizards
  4 kobolds
  3 rats
37 creatures vanquished.

Notes
Turn   | Place    | Note
-------+----------+-------------------------------------------
     0 | D:1      | Arcadio the Formicid Hunter began the quest for the Orb.
     0 | D:1      | Reached XP level 1. HP: 16/16 MP: 1/1
   197 | D:1      | Reached XP level 2. HP: 23/23 MP: 2/2
   210 | D:1      | Reached skill level 1 in Armour
   475 | D:1      | Reached XP level 3. HP: 24/28 MP: 3/3
   986 | D:2      | Found a runed translucent door.
   987 | D:2      | Noticed Crazy Yiuf
  1073 | D:2      | Found a glowing silver altar of Zin.
  1455 | D:2      | Reached XP level 4. HP: 35/35 MP: 4/4
  1622 | D:2      | Slain by Crazy Yiuf

Illustrated notes

Levels and vault maps discovered:
D:1:      tarquinn_simple_flora_water_d, layout_basic
D:2:      layout_rooms, basic_altar, uniq_crazy_yiuf_cottage

Skill      XL: |  1  2  3 |
---------------+----------+-----
Armour         | 1 |  1.8
Fighting       | 3 |  3.1
Ranged Weapons | |  4.5
Dodging        | |  1.7
Stealth        | |  1.2

Action                     |  1- 3 |  4- 6 || total
---------------------------+-------+-------++-------
  Melee: Short sword       |    51 |     3 ||    54
         Punch             |     1 |       ||     1
   Fire: Shortbow          |    89 |     5 ||    94
Ability: Dig               |     1 |       ||     1
 Armour: Leather armour    |    11 |     1 ||    12
  Dodge: Dodged            |    56 |     1 ||    57
